 Dungeon Crawl Stone Soup version 0.30.1 (webtiles) character file.

Game seed: 13972864991460020230

99 Graphine the Poker (level 4, -6/34 HPs)
             Began as a Merfolk Gladiator on July 5, 2023.
             Splashed by a jelly's acid (9 damage)
             ... on level 3 of the Dungeon.
             The game lasted 00:03:42 (1834 turns).

Graphine the Poker (Merfolk Gladiator)              Turns: 1834, Time: 00:03:42

Health: -6/34      AC:  0    Str: 16    XL:     4   Next: 72%
Magic:  4/4        EV: 13    Int:  7    God:
Gold:   93         SH:  0    Dex: 15    Spells: 3/3 levels left

rFire   + . .        a - +1 trident
rCold   . . .        (no shield)
rNeg    . . .        i - +0 ring mail {rF+}
rPois   .            c - +0 helmet
rElec   .            j - +0 cloak
rCorr   .            (no gloves)
SInv    .            (no boots)
Will    .....        (no amulet)
Stlth   +            (no ring)
HPRegen 0.25/turn    (no ring)
MPRegen 0.09/turn

%: no passive effects
@: corroded
A: (nimble swimmer 2), mertail
a: no special abilities


You were on level 3 of the Dungeon.
You visited 1 branch of the dungeon, and saw 3 of its levels.

You collected 93 gold pieces.

Inventory:

Hand Weapons
 a - a +1 trident (weapon)
Missiles
 d - 3 throwing nets (quivered)
 e - a javelin
Armour
 c - a +0 helmet (worn)
 i - a +0 ring mail of fire resistance (worn)
 j - a +0 cloak (worn)
Scrolls
 g - a scroll of blinking
 m - 3 scrolls of teleportation
Potions
 b - a potion of magic
 f - a potion of mutation
 k - a potion of attraction {unknown}
 n - a potion of heal wounds {unknown}


   Skills:
 + Level 2.9 Fighting
 * Level 5.2 Polearms
 - Level 2.0 Throwing
 + Level 0.7 Armour
 * Level 5.2 Dodging


You had 3 spell levels left.
You didn't know any spells.
Your spell library was empty.

Dungeon Overview and Level Annotations

Branches:
Dungeon (3/15)

Altars:


Innate Abilities, Weirdness & Mutations

((You are very nimble when in or above water. (Stealth+, EV+, Speed+++)))
Your lower body shifts to a powerful aquatic tail in water.


Message History

The hobgoblin hits you but does no damage.
The jelly hits you but does no damage.
Reach: a) +1 trident
Press: ? - help, Dir - move target, f/p - hobgoblin
Aim: a hobgoblin (almost dead, about 38% to evade your +1 trident)
You closely miss the hobgoblin.
The hobgoblin is almost dead.
The jelly closely misses you. The hobgoblin hits you.
Unknown command.
Reach: a) +1 trident
Press: ? - help, Dir - move target, f - jelly, p - hobgoblin
Aim: a jelly (about 10% to evade your +1 trident)
You puncture the jelly!
Your hands burn!
The jelly is severely wounded.
The jelly closely misses you.
The hobgoblin hits you but does no damage.
Reach: a) +1 trident
Press: ? - help, Dir - move target, f/p - jelly
Aim: a jelly (severely wounded, about 10% to evade your +1 trident)
You hit the jelly but do no damage.
Your hands burn!
The jelly is severely wounded.
The hobgoblin barely misses you. The jelly barely misses you.
Unknown command.
Reach: a) +1 trident
Press: ? - help, Dir - move target, f/p - jelly
Aim: a jelly (severely wounded, about 10% to evade your +1 trident)
You hit the jelly.
Your hands burn!
The jelly is almost dead.
The jelly hits you. The acid corrodes you!
You are splashed with acid!
The hobgoblin barely misses you.
Reach: a) +1 trident
Press: ? - help, Dir - move target, f/p - jelly
Aim: a jelly (almost dead, about 10% to evade your +1 trident)
You hit the jelly but do no damage. The acid corrodes you!
Your hands burn!
* * * LOW HITPOINT WARNING * * *
The jelly is almost dead.
The jelly hits you.
* * * LOW HITPOINT WARNING * * *
You are splashed with acid!
You die...

#### ##...##
##.....##
##....?..#
.........##
##.......<#
.......@#$#
##....g.J...#
..........#.#
..........#...
.##.....#.#
... #.........
....
........#..#
##.
...........#


You could see a jelly and a hobgoblin.

Vanquished Creatures
  An orc wizard (D:2)
  2 adders (D:2)
  4 worms (D:2)
  A dart slug (D:1)
  2 orcs (D:2)
  A ball python (D:1)
  2 endoplasms
  2 goblins (D:2)
  4 hobgoblins
  A kobold (D:2)
  A quokka (D:1)
  2 bats
  4 frilled lizards
  2 rats
29 creatures vanquished.

Vanquished Creatures (others)
  An orc wizard (D:2)
1 creature vanquished.

Grand Total: 30 creatures vanquished

Notes
Turn   | Place    | Note
-------+----------+-------------------------------------------
     0 | D:1      | Graphine the Merfolk Gladiator began the quest for the Orb.
     0 | D:1      | Reached XP level 1. HP: 16/16 MP: 1/1
   403 | D:1      | Reached XP level 2. HP: 23/23 MP: 2/2
   795 | D:2      | Reached XP level 3. HP: 26/28 MP: 3/3
   823 | D:2      | Reached XP level 4. HP: 20/34 MP: 4/4
   969 | D:2      | Reached skill level 5 in Polearms
   969 | D:2      | Reached skill level 5 in Dodging
  1834 | D:3      | Splashed by a jelly's acid

Illustrated notes

Levels and vault maps discovered:
D:1:      scummos_arrival_hexagon, layout_basic
D:2:      layout_loops_corners, st_stairs_11
D:3:      layout_rooms, uniq_ijyb

Skill      XL: |  1  2  3  4 |
---------------+-------------+-----
Polearms       | 5 |  5.2
Dodging        | 5 |  5.2
Fighting       | |  2.9
Throwing       | |  2.0
Armour         | |  0.7

Action                     |  1- 3 |  4- 6 || total
---------------------------+-------+-------++-------
  Melee: Trident           |    69 |    83 ||   152
         Punch             |     1 |       ||     1
    Use: Scroll            |     5 |     4 ||     9
   Stab: Sleeping          |     1 |       ||     1
 Armour: Leather armour    |     3 |       ||     3
         Ring mail         |    21 |    17 ||    38
  Dodge: Dodged            |    25 |    44 ||    69
